 Dungeon Crawl Stone Soup version 0.30.1-9-gdf580d7c3d (webtiles) character file.

Game seed: 3941989347080589840

28 leafyfresh the Ogre Mage (level 3, -2/46 HPs)
             Began as an Ogre Fire Elementalist on Oct 13, 2023.
             Slain by an adder (3 damage)
             ... on level 2 of the Dungeon.
             The game lasted 00:01:32 (1101 turns).

leafyfresh the Ogre Mage (Ogre Fire Elementalist)   Turns: 1101, Time: 00:01:32

Health: -2/46      AC: 21    Str: 12    XL:     3   Next: 14%
Magic:  8/8        EV:  1    Int: 18    God:
Gold:   39         SH:  0    Dex:  9    Spells: 9/10 levels left

rFire   . . .        l - +1 whip (flame)
rCold   . . .        (no shield)
rNeg    . . .        a - melded +0 robe
rPois   +            (helmet currently unavailable)
rElec   .            h - melded +0 cloak
rCorr   .            (gloves unavailable)
SInv    .            (boots unavailable)
Will    .....        (no amulet)
Stlth   +            (no ring)
HPRegen 0.27/turn    (no ring)
MPRegen 0.11/turn

%: no passive effects
@: lethally poisoned (-2 -> -3), tree-form, invisible
A: stationary, stasis, torment immunity, boosted hp, large, unfitting armour,
(tough skin 1)
a: no special abilities


You were on level 2 of the Dungeon.
You were a tree.
You visited 1 branch of the dungeon, and saw 2 of its levels.

You collected 39 gold pieces.

Inventory:

Hand Weapons
 g - a +0 whip
 l - a +1 whip of flaming (weapon)
Missiles
 k - 3 poisoned darts
Armour
 a - a +0 robe (melded)
 h - a +0 cloak (melded)
Scrolls
 c - a scroll of poison {unknown}
 d - a scroll of identify {unknown}
 f - a scroll of magic mapping {unknown}
 i - 2 scrolls of teleportation {unknown}
 m - a scroll of vulnerability {unknown}
Potions
 b - a potion of magic
 j - a potion of cancellation


   Skills:
 - Level 1.7 Dodging
 - Level 1.4 Stealth
 * Level 4.0 Spellcasting
 - Level 0.8 Conjurations
 - Level 2.6 Fire Magic


You had 9 spell levels left.
You knew the following spells:

 Your Spells              Type           Power      Damage    Failure   Level
a - Foxfire               Conj/Fire      40%        2x1d6     7%          1

Your spell library contained the following spells:

 Spells                   Type           Power      Damage    Failure   Level
 Scorch                   Fire           26%        2d6       8%          2
 Inner Flame              Hex/Fire       8%         N/A       26%         3
 Volatile Blastmotes      Fire/Tloc      16%        2d11      26%         3
 Flame Wave               Conj/Fire      10%        2d6       56%         4
 Fireball                 Conj/Fire      5%         3d5       89%         5
 Plasma Beam              Fire/Air       4%         2x1d15    100%        6
 Starburst                Conj/Fire      5%         6d4       100%        6


Dungeon Overview and Level Annotations

Branches:
Dungeon (2/15)

Altars:


Innate Abilities, Weirdness & Mutations

You are a tree.
Your roots penetrate the ground, keeping you stationary.
You cannot be teleported.
You are immune to unholy pain and torment.
Your maximum health is greatly increased.
Your equipment is partially melded.
You are too large for most types of armour.
((You have tough skin. (AC +1)))


Message History

The adder is lightly wounded.
The adder bites you. The adder misses you.
You miss the adder.
The adder is lightly wounded.
The adder bites you.
You barely miss the adder. The adder bites you but does no damage.
You miss the adder. The adder bites you but does no damage.
The adder barely misses you.
You barely miss the adder. The adder bites you.
You are poisoned.
The adder poisons you!
You closely miss the adder.
You feel sick.
The adder bites you but does no damage. x2
You closely miss the adder.
You feel sick. The adder barely misses you.
You hit the adder but do no damage.
You feel sick. The adder bites you but does no damage. The adder bites you.
* * * LOW HITPOINT WARNING * * *
You are lethally poisoned!
The adder poisons you!
You miss the adder.
* * * LOW HITPOINT WARNING * * *
You feel sick. The adder closely misses you.
You completely miss the adder.
* * * LOW HITPOINT WARNING * * *
You feel sick. The adder closely misses you.
Unknown command.
It was a potion of cancellation.
You feel magically purged.
* * * LOW HITPOINT WARNING * * *
You feel sick. The adder bites you but does no damage.
The adder barely misses you.
It was a potion of lignification.
You turn into a tree.
Your +0 cloak melds into your body.
Your +0 robe melds into your body.
Your roots penetrate the ground.
* * * LOW HITPOINT WARNING * * *
You feel sick. The adder barely misses you.
It was a potion of invisibility.
You fade into invisibility!
* * * LOW HITPOINT WARNING * * *
You feel sick. The adder bites you.
You die...

###### #..... #.....
######### #.....
#.♣SK...#### #.....
.......##J##....###.....
....####...####...#.....
..# #...# ###....... .
#.S.# ##...... #...#
+...... #...# #......
#.[.# #..##... #$$(#
...###...


You could see an adder (unable to see you), an endoplasm and a kobold (unable to
see you).

Vanquished Creatures
  A gnoll (D:1)
  A worm (D:2)
  A dart slug (D:1)
  3 bats
  A giant cockroach (D:1)
  A hobgoblin (D:1)
  A jackal (D:2)
  A kobold (D:1)
  3 ball pythons (D:1)
  A frilled lizard (D:2)
  A rat (D:1)
15 creatures vanquished.

Vanquished Creatures (others)
  16 foxfires (D:1)
16 creatures vanquished.

Grand Total: 31 creatures vanquished

Notes
Turn   | Place    | Note
-------+----------+-------------------------------------------
     0 | D:1      | leafyfresh the Ogre Fire Elementalist began the quest for
                  | the Orb.
     0 | D:1      | Reached XP level 1. HP: 16/16 MP: 3/3
   341 | D:1      | Reached skill level 3 in Spellcasting
   341 | D:1      | Reached XP level 2. HP: 13/24 MP: 0/6
  1026 | D:2      | Reached skill level 4 in Spellcasting
  1026 | D:2      | Reached XP level 3. HP: 31/31 MP: 6/8
  1100 | D:2      | HP: 2/46 [poisoned by an adder]
  1101 | D:2      | Slain by an adder

Illustrated notes

Levels and vault maps discovered:
D:1:      eino_arrival_cavern_a, layout_basic
D:2:      layout_rooms, minmay_divided_ellipse

Skill      XL: |  1  2 |
---------------+-------+-----
Spellcasting   | 3 4 |  4.0
Dodging        | |  1.7
Stealth        | |  1.4
Conjurations   | |  0.8
Fire Magic     | |  2.6

Action                     || total
---------------------------++-------
  Melee: Unarmed           ||    21
         Punch             ||     1
         Whip              ||    47
   Cast: Foxfire           ||     9
    Use: Potion            ||     3
   Stab: Sleeping          ||     1
 Armour: Robe              ||    29
  Dodge: Dodged            ||    37
